 Dungeon Crawl Stone Soup version 0.31-a0-431-g88bdf31460 (webtiles) character file.

Game seed: 17471082184996624346

1414 randomguy2701 the Cleaver (level 8, -2/70 HPs)
             Began as a Minotaur Fighter on July 31, 2023.
             Killed from afar by a steam dragon (8 damage)
             ... with a ball of steam
             ... on level 5 of the Dungeon.
             The game lasted 00:04:38 (4460 turns).

randomguy2701 the Cleaver (Minotaur Fighter)        Turns: 4460, Time: 00:04:39

Health: -2/70      AC:  7    Str: 21    XL:     8   Next: 43%
Magic:  7/7        EV: 10    Int:  5    God:
Gold:   220        SH:  5    Dex: 12    Spells: 7/7 levels left

rFire   . . .        k - +1 war axe (vamp)
rCold   . . .        c - +0 buckler
rNeg    . . .        b - +0 scale mail
rPois   .            (helmet restricted)
rElec   .            D - scarf {repulsion}
rCorr   .            (no gloves)
SInv    .            (no boots)
Will    .....        (no amulet) Stlth
                     (no ring)
HPRegen 0.31/turn    (no ring)
MPRegen 0.10/turn

%: repel missiles
@: no status effects
A: horns 2, retaliatory headbutt
a: no special abilities


You were on level 5 of the Dungeon.
You visited 1 branch of the dungeon, and saw 6 of its levels.

You collected 220 gold pieces.

Inventory:

Hand Weapons
 a - a +0 war axe
 k - a +1 vampiric war axe (weapon)
Armour
 b - a +0 scale mail (worn)
 c - a +0 buckler (worn)
 D - a scarf of repulsion (worn)
Wands
 o - a wand of flame (18)
 x - a wand of acid (7)
 B - a wand of roots (5)
Scrolls
 e - 3 scrolls of blinking {unknown}
 h - a scroll of identify {unknown}
 j - 2 scrolls of immolation {unknown}
 m - a scroll of vulnerability {unknown}
 n - 3 scrolls of noise {unknown}
 p - 2 scrolls of silence {unknown}
 q - 2 scrolls of revelation {unknown}
 t - a scroll of fear {unknown}
 u - 3 scrolls of teleportation {unknown}
 y - 2 scrolls of butterflies {unknown}
 A - a scroll of poison {unknown}
 C - a scroll of torment {unknown}
Potions
 d - a potion of might
 f - 3 potions of enlightenment {unknown}
 g - 2 potions of heal wounds {unknown}
 i - a potion of ambrosia {unknown}
 l - 2 potions of curing {unknown}
 r - 2 potions of invisibility {unknown}
 s - a potion of brilliance {unknown}
 v - a potion of berserk rage {unknown}
 w - a potion of lignification {unknown}
 z - a potion of magic {unknown}


   Skills:
 + Level 6.2 Fighting
 + Level 8.3 Axes
 + Level 7.2 Armour
 + Level 2.4 Dodging
 + Level 1.1 Stealth
 + Level 5.3 Shields


You had 7 spell levels left.
You didn't know any spells.
Your spell library contained the following spells:

 Spells                   Type           Power      Damage    Failure   Level
 Call Canine Familiar     Summ           0%         N/A       99%         3
 Portal Projectile        Hex/Tloc       0%         N/A       99%         3
 Leda's Liquefaction      Hex/Erth       0%         N/A       100%        4
 Olgreb's Toxic Radiance  Pois           0%         N/A       100%        4
 Discord                  Hex            0%         N/A       100%        8
 Ignition                 Fire           0%         3d3       100%        8


Dungeon Overview and Level Annotations

Branches:
Dungeon (6/15)
 Temple: D:4-7

Altars:
Elyvilon
Fedhas
Nemelex Xobeh
Sif Muna
Wu Jian
Xom

Shops:
D:1 ?[*:   D:3 =   D:4 !

Annotations:
D:4 1 runed translucent door, BaconRulez's ghost, amateur DgSh


Innate Abilities, Weirdness & Mutations

You have a pair of horns on your head.
You reflexively headbutt those who attack you in melee.


Message History

A steam dragon comes into view.
The steam dragon hisses angrily.
You completely miss the steam dragon.
You headbutt the steam dragon, but do no damage.
The steam dragon breathes steam at you. The ball of steam hits you!!
You closely miss the steam dragon.
You are engulfed in a cloud of scalding steam.
The steam dragon closely misses you. The steam dragon barely misses you.
You barely miss the steam dragon. You headbutt the steam dragon!
The steam dragon is moderately wounded.
You are engulfed in a cloud of scalding steam.
You block the steam dragon's attack. The steam dragon barely misses you.
You barely miss the steam dragon. Your headbutt misses the steam dragon.
The steam dragon is moderately wounded.
The steam dragon breathes steam at you. The ball of steam hits you!
The steam dragon bites you.
The steam dragon claws you but does no damage.
An orc comes into view. It is wielding a +0 dagger.
You are too injured to fight recklessly!
You are too injured to fight recklessly!
You barely miss the steam dragon.
You headbutt the steam dragon, but do no damage.
The steam dragon is moderately wounded.
You are engulfed in a cloud of scalding steam.
* * * LOW HITPOINT WARNING * * *
The steam dragon breathes steam at you. The ball of steam hits you!
* * * LOW HITPOINT WARNING * * *
There is a stone staircase leading up here.
The steam dragon bites you!
* * * LOW HITPOINT WARNING * * *
You block the steam dragon's attack.
You climb upwards.
There is a stone staircase leading down here.
You hit the steam dragon.
The steam dragon is heavily wounded.
The steam dragon breathes steam at you. The ball of steam hits you!
You die...

..#........#......#.....#........
..#......>.#......#.....#........
..#........#......#.....#........
..#........#......#.....#..⌠...#'
..#........#......#..............
..#........##'#####..............
..#..............................
..#..............................
..#.)..........D@................
..#................##############
..#................#...........#
..#...<............#...........#
..#................#...........#
..#.)..............#.....[.....#
..#................#...........#
..#............................#
..#...............#.####.###..###


You could see a steam dragon (catching breath).

Vanquished Creatures
  Sigmund (D:2)
  Menkaure (D:5)
  An orc warrior (D:5)
  A black bear (D:5)
  A centaur (D:5)
  An ogre (D:5)
  A phantom (D:4)
  Blork the orc (D:5)
  4 scorpions
  A howler monkey (D:6)
  An orc priest (D:4)
  2 jellies (D:5)
  A sleepcap (D:5)
  4 iguanas (D:5)
  8 adders
  2 white imps (D:5)
  An ufetubus (D:4)
  2 worms
  3 dart slugs
  8 orcs
  4 ball pythons
  5 bats
  4 endoplasms
  A giant cockroach (D:2)
  5 goblins
  4 hobgoblins
  3 jackals (D:4)
  6 kobolds
  A quokka (D:3)
  2 frilled lizards
  2 rats (D:2)
82 creatures vanquished.

Notes
Turn   | Place    | Note
-------+----------+-------------------------------------------
     0 | D:1      | randomguy2701 the Minotaur Fighter began the quest for the
                  | Orb.
     0 | D:1      | Reached XP level 1. HP: 19/19 MP: 0/0
     3 | D:1      | Found Saisteh's Book Emporium.
   212 | D:1      | Found Odab's Magic Scroll Emporium.
   240 | D:1      | Found Mishexat's General Store.
   509 | D:1      | Found Comieraumo's Antique Armour Shoppe.
   514 | D:1      | Reached XP level 2. HP: 26/27 MP: 1/1
   729 | D:2      | Found a faded altar of an unknown god.
   840 | D:2      | Reached XP level 3. HP: 27/33 MP: 2/2
  1004 | D:2      | Reached skill level 3 in Axes
  1228 | D:2      | Noticed Sigmund
  1233 | D:2      | Killed Sigmund
  1234 | D:2      | Reached skill level 4 in Axes
  1234 | D:2      | Reached skill level 5 in Armour
  1234 | D:2      | Reached XP level 4. HP: 41/41 MP: 3/3
  1234 | D:2      | Reached XP level 5. HP: 47/47 MP: 4/4
  1308 | D:3      | Found a blossoming altar of Fedhas.
  1309 | D:3      | Found a white marble altar of Elyvilon.
  1497 | D:3      | Reached skill level 1 in Dodging
  1553 | D:3      | Found Wasma's Jewellery Shop.
  1669 | D:3      | Found an ornate altar of the Wu Jian Council.
  1672 | D:3      | Found a shimmering altar of Xom.
  1672 | D:3      | Found a shimmering blue altar of Sif Muna.
  1676 | D:3      | Found a sparkling altar of Nemelex Xobeh.
  1927 | D:4      | Reached XP level 6. HP: 42/55 MP: 5/5
  2071 | D:4      | Reached skill level 5 in Axes
  2409 | D:4      | Found Asimeuc's Distillery.
  2539 | D:4      | Found a runed translucent door.
  2540 | D:4      | Noticed BaconRulez's ghost (amateur DgSh)
  2921 | D:5      | Entered Level 5 of the Dungeon
  2930 | D:5      | Reached skill level 5 in Fighting
  2930 | D:5      | Reached skill level 6 in Axes
  2930 | D:5      | Reached XP level 7. HP: 26/61 MP: 6/6
  3196 | D:5      | Noticed Menkaure
  3206 | D:5      | Killed Menkaure
  3403 | D:5      | Reached skill level 7 in Axes
  3422 | D:5      | Reached skill level 1 in Stealth
  3422 | D:5      | Reached skill level 5 in Shields
  3465 | D:5      | Reached XP level 8. HP: 70/70 MP: 7/7
  3668 | D:5      | Noticed Blork the orc
  3680 | D:5      | Killed Blork the orc
  3959 | D:5      | Reached skill level 8 in Axes
  4460 | D:5      | Killed from afar by a steam dragon

Illustrated notes

Levels and vault maps discovered:
D:1:      dpeg_arrival_tiny_f, layout_basic, serial_shops, shop,
          nicolae_shop_tiny_glass, nicolae_shop_just_a_little_nook,
          nicolae_lakefront_shop
D:2:      layout_basic, basic_ecumenical_altar, uniq_sigmund
D:3:      layout_basic, grunt_temple_overflow_open, serial_shops,
          nicolae_shop_behind_doors
D:4:      layout_loops_corners, gammafunk_ghost_grave, serial_shops,
          nicolae_shop_real_fake_doors
D:5:      minmay_angry_zag, layout_gridville, solitary_fountain,
          uniq_blork_the_orc, uniq_menkaure
D:6:      layout_gridville

Skill      XL: |  1  2  3  4  5  6  7  8 |
---------------+-------------------------+-----
Armour         | 4 5 6 7 |  7.2
Shields        | 4 5 |  5.3
Axes           | 4 6 7 8 |  8.3
Fighting       | 4 5 6 |  6.2
Dodging        | 1 2 |  2.4
Stealth        | 1 |  1.1

Action                     |  1- 3 |  4- 6 |  7- 9 || total
---------------------------+-------+-------+-------++-------
  Melee: War axe           |    65 |    88 |    78 ||   231
         Headbutt          |    11 |     9 |    23 ||    43
 Armour: Scale mail        |    36 |    38 |    24 ||    98
  Dodge: Dodged            |    30 |    56 |    55 ||   141
         Repelled          |       |       |     2 ||     2
  Block: Buckler           |    12 |    23 |    22 ||    57

Table legend: (Time is in decaauts)
 A = Elapsed time spent in this place.
 B = Non-inter-level travel time spent in this place.
 C = Inter-level travel time spent in this place.
 D = Time resting spent in this place.
 E = Time spent auto-exploring this place.
 F = Levels seen in this place.
 G = Mean time per level.
                   A        B        C        D        E       F      G
               +--------+--------+--------+--------+--------+-----+--------+
         Total |   4523 |   4267 |    256 |      0 |   3683 |   6 |  753.8 |
       Dungeon |   4523 |   4267 |    256 |      0 |   3683 |   6 |  753.8 |
               +--------+--------+--------+--------+--------+-----+--------+

Top non-repeatable levels by time:
     D:5: 1397 daAuts
     D:4: 1156 daAuts
     D:2: 682 daAuts
     D:1: 645 daAuts
     D:3: 619 daAuts
     D:6: 21 daAuts
